Map: Winter's Gate LE

Players

Mez - Winner!

  • Race: Terran Terran
  • League: Master
  • Spawn Location: 5:00

Machete

  • Race: Protoss Protoss
  • Spawn Location: 11:00

VOD

Have the link to the VOD?

Description

Time

  • Played on: Aug. 24, 2019, 4:54 p.m.
  • Length: 10:47
Show
View Real Time Build Order
Export as new Build Order

Mez Terran - Winner!

Build Orders: Reaper Expand 

Get SALT Encoding   

  12  0:00  SCV  
  13  0:13  SCV  
  14  0:17  Supply Depot  
  14  0:25  SCV  
  15  0:38  SCV  
  15  0:40  Barracks  
  16  0:44  Refinery  
  16  0:50  SCV  
  17  1:02  SCV  
  18  1:14  SCV  
  19  1:28  Orbital Command, Reaper  
  20  1:40  Command Center  
  20  1:51  Bunker  
  20  1:55  SCV  
  20  1:59  Supply Depot  
  21  2:07  SCV  
  22  2:08  Marine  
  23  2:20  SCV  
  24  2:28  Barracks Reactor  
  24  2:32  Command Center  
  24  2:40  SCV  
  25  2:52  Factory  
  25  2:55  Orbital Command  
  25  2:56  SCV  
  26  3:04  Refinery  
  26  3:05  Marine x2  
  26  3:08  SCV  
  29  3:20  SCV  
  29  3:23  Marine x2  
  29  3:26  SCV  
  33  3:33  SCV  
  34  3:38  Widow Mine, SCV  
  34  3:39  Starport  
  37  3:45  Orbital Command, SCV  
  38  3:50  Marine x2, SCV  
  38  3:55  Refinery  
  41  3:58  SCV  
  41  4:01  Factory Tech Lab  
  41  4:02  SCV  
  43  4:08  Marine x2  
  45  4:10  SCV  
  45  4:12  SCV  
  45  4:14  SCV  
  48  4:21  Siege Tank  
  48  4:22  SCV  
  48  4:23  Starport Tech Lab  
  52  4:24  SCV  
  52  4:26  SCV  
  52  4:28  Supply Depot  
  54  4:36  Marine x2  
  56  4:39  SCV  
  56  4:40  SCV  
  56  4:41  SCV  
  56  4:42  Raven  
  56  4:43  Barracks  
  61  4:47  Barracks  
  61  4:52  SCV x2  
  63  4:53  Supply Depot, SCV  
  63  4:54  Supply Depot  
  63  4:59  Siege Tank, Marine  
  67  5:00  Marine  
  69  5:14  SCV x2  
  69  5:16  Refinery  
  69  5:17  Supply Depot  
  69  5:18  Marine x2, SCV  
  74  5:27  SCV  
  74  5:34  Supply Depot  
  72  5:42  Engineering Bay  
  72  5:43  Marine, SCV x2, Engineering Bay  
  72  5:44  Barracks, Marine  
  72  5:45  Combat Shield, Stimpack, Factory Reactor  
  72  5:46  Barracks  
  72  5:48  Marauder x2  
  72  5:49  Starport Reactor  
  80  5:52  SCV  
  80  5:55  SCV  
  82  5:59  Orbital Command  
  82  6:02  Supply Depot  
  82  6:07  Supply Depot  
  82  6:08  Supply Depot  
  82  6:17  Marauder, Marine x2  
  82  6:18  Marauder  
  88  6:20  SCV x2  
  88  6:25  Terran Infantry Armor Level 1, Terran Infantry Weapons Level 1  
  90  6:27  SCV  
  90  6:32  SCV x2  
  93  6:39  Marauder, SCV  
  98  6:40  Marauder  
  98  6:43  Barracks Tech Lab, Barracks Reactor  
  98  6:44  Supply Depot x2  
  98  6:45  Supply Depot  
  98  6:47  Medivac x2  
  102  6:54  Armory  
  102  6:55  Widow Mine x2  
  102  6:56  Marine x2  
  108  7:09  Supply Depot  
  108  7:17  Supply Depot, SCV x3  
  108  7:19  Marine x2  
  108  7:20  Marauder x3, Refinery, Marine x2  
  108  7:21  Medivac x2, Refinery  
  108  7:22  Widow Mine x2  
  129  7:29  Supply Depot  
  129  7:30  SCV  
  129  7:31  SCV  
  129  7:37  Ghost Academy, Marine, SCV  
  132  7:39  Starport  
  132  7:43  Marauder x2, Marine x4, SCV  
  143  7:44  SCV  
  143  7:49  SCV  
  144  7:52  Supply Depot  
  144  7:53  Supply Depot  
  144  7:55  Supply Depot, Marine, SCV  
  144  7:56  SCV  
  144  7:57  Medivac x2  
  150  8:00  Marine  
  150  8:01  SCV, Marine  
  142  8:18  Marine x2  
  142  8:19  Concussive Shells  
  148  8:21  Terran Infantry Armor Level 2, Terran Infantry Weapons Level 2, SCV x2  
  150  8:39  Ghost x2  
  148  8:41  Barracks  
  148  8:42  Ghost, Barracks  
  148  8:43  Barracks  
  148  8:44  Marine x4  
  154  8:49  Supply Depot  
  154  8:50  Supply Depot  
  154  8:56  SCV x3  
  154  9:02  Marine x4  
  159  9:04  Starport  
  159  9:08  SCV x3  
  164  9:11  Command Center  
  164  9:18  Supply Depot  
  164  9:20  SCV x3  
  166  9:50  Marauder x3, Marine x7  
  163  10:02  Medivac  
  163  10:03  Medivac, Starport Tech Lab  
  166  10:07  Marine  
  166  10:08  Marine  
  166  10:09  Starport, Fusion Core  
  166  10:11  Marauder x2  
  166  10:12  Marauder  
  174  10:22  Marine x4  
Show
View Real Time Build Order
Export as new Build Order

Machete Protoss 

Build Orders: 1 Gate Expand, Blink Stalkers 

Get SALT Encoding   

  12  0:01  Probe  
  13  0:13  Probe  
  14  0:20  Pylon  
  14  0:25  Probe  
  15  0:37  Probe  
  15  0:41  Gateway  
  16  0:45  Probe  
  17  0:51  Assimilator  
  17  0:53  Probe  
  18  1:05  Probe  
  19  1:17  Probe  
  20  1:26  Nexus  
  20  1:33  Cybernetics Core  
  20  1:40  Probe  
  21  1:53  Probe, Assimilator  
  22  2:00  Pylon  
  22  2:05  Probe  
  22  2:08  Stalker  
  23  2:15  Warp Gate  
  23  2:18  Probe  
  26  2:27  Probe  
  26  2:35  Probe  
  27  2:37  Probe, Stalker  
  31  2:45  Probe  
  32  2:52  Probe  
  32  2:58  Twilight Council  
  33  3:00  Probe  
  34  3:07  Stalker  
  34  3:08  Probe  
  34  3:12  Probe  
  38  3:17  Gateway, Probe  
  38  3:18  Pylon  
  38  3:24  Probe  
  38  3:25  Blink, Probe  
  41  3:34  Probe  
  41  3:36  Probe  
  43  3:44  Gateway x2  
  43  3:46  Probe  
  45  3:48  Probe  
  45  3:52  Pylon  
  45  3:58  Probe, Robotics Facility  
  46  4:04  Stalker  
  46  4:06  Probe  
  49  4:11  Probe  
  49  4:12  Stalker  
  49  4:13  Pylon  
  52  4:18  Probe  
  52  4:21  Assimilator  
  52  4:23  Probe  
  54  4:29  Pylon, Stalker  
  56  4:35  Probe  
  56  4:38  Stalker  
  59  4:39  Probe  
  59  4:43  Stalker x2  
  64  4:51  Nexus  
  64  4:53  Pylon  
  64  4:57  Observer  
  65  5:04  Stalker  
  67  5:10  Stalker  
  69  5:19  Stalker  
  69  5:33  Probe  
  69  5:34  Charge  
  70  5:38  Forge  
  70  5:39  Probe  
  70  5:40  Forge  
  71  5:45  Pylon, Probe  
  71  5:48  Gateway  
  71  5:49  Sentry  
  74  5:51  Probe  
  74  5:52  Gateway  
  74  5:54  Protoss Ground Weapons Level 1  
  74  5:55  Protoss Ground Armor Level 1  
  74  5:56  Warp Prism  
  77  5:57  Probe  
  77  6:01  Zealot  
  77  6:03  Probe x2  
  82  6:04  Zealot  
  82  6:05  Zealot  
  82  6:09  Probe  
  87  6:15  Gateway, Probe  
  86  6:18  Probe  
  86  6:24  Probe  
  88  6:32  Probe x2  
  90  6:35  Nexus  
  90  6:36  Pylon  
  90  6:37  Templar Archives  
  90  6:39  Pylon  
  90  6:40  Probe  
  90  6:45  Probe x2  
  90  6:46  Pylon  
  93  6:47  Assimilator  
  93  6:52  Probe, Assimilator  
  94  6:57  Probe  
  95  7:06  Pylon  
  95  7:11  Zealot x2  
  95  7:12  Gateway, Zealot x2  
  95  7:13  Zealot  
  95  7:14  Gateway  
  95  7:15  Probe x3  
  108  7:26  Psionic Storm  
  108  7:27  Probe  
  109  7:39  Zealot x3  
  109  7:40  Zealot  
  109  7:41  Zealot x2  
  109  7:42  Zealot  
  123  7:54  Probe x2  
  125  8:02  Zealot x3  
  125  8:03  Zealot x2  
  135  8:18  Warp Prism  
  128  8:20  Probe x4  
  128  8:22  High Templar, Zealot  
  128  8:23  High Templar x3  
  128  8:24  High Templar x3  
  128  8:25  Zealot  
  137  8:32  Probe x3  
  142  8:40  Gateway  
  142  8:41  Gateway x2  
  142  8:44  Pylon  
  142  8:45  Pylon  
  142  8:46  Zealot  
  142  8:47  Zealot  
  146  8:54  Observer  
  147  9:00  Zealot  
  147  9:01  Zealot x3  
  147  9:02  Zealot x3  
  161  9:06  Pylon  
  161  9:08  Pylon  
  161  9:10  Pylon  
  161  9:15  Warp Prism  
  163  9:21  Probe  
  164  9:37  Nexus  
  164  9:40  Pylon  
  164  9:43  Pylon  
  95  9:54  Probe  
  95  9:55  Probe x3  
  95  9:56  High Templar x6  
  95  9:57  Zealot  
  95  9:58  Zealot  
  95  9:59  Zealot  
  109  10:00  Zealot  
  109  10:01  Zealot  
  109  10:06  Probe  
  109  10:07  Probe  
  115  10:21  Zealot x6  
  119  10:26  Archon  
  105  10:29  Archon x2  
  81  10:38  High Templar x4  
  81  10:39  Zealot x2  
  79  10:43  Archon x2  
Tags
 
Add a new tag
Caveats
  • Supply blocks, unpowered buildings, or Contaminate may cause inaccurate times.
  • Supply counts are checked every 10 seconds.